 Dungeon Crawl Stone Soup version 0.26-a0-64-g059e62fbdb (webtiles) character file.

Game seed: 15789294482814609638

0 Gargoyl the Skirmisher (level 1, 0/19 HPs)
             Began as a Centaur Abyssal Knight on June 10, 2020.
             Was a Follower of Lugonu.
             Succumbed to something's dark miasma
             ... on level 2 of the Abyss.
             The game lasted 00:00:34 (180 turns).

Gargoyl the Skirmisher (Centaur Abyssal Knight)      Turns: 180, Time: 00:00:35

Health: 0/19       AC:  5    Str: 14    XL:     1   Next: 0%
Magic:  2/2        EV:  8    Int: 11    God:    Lugonu [*.....]
Gold:   0          SH:  0    Dex:  8    Spells: 0/0 levels left

rFire    . . .     SeeInvis .   a - +1 hand axe
rCold    . . .     Gourm    .   (no shield)
rNeg     . . .     Faith    .   e - +0 ring mail
rPois    .         Spirit   .   (no helmet)
rElec    .         Reflect  .   (no cloak)
rCorr    .         Harm     .   (no gloves)
MR       .....                  (no barding)
Stlth    ..........             (no amulet)
HPRegen  0.06/turn              (no ring)
MPRegen  0.08/turn              (no ring)

@: lethally poisoned (0 -> -22), slowed
A: large, hooves 3, deformed body, speed 2, tough skin 3
a: Depart the Abyss, Renounce Religion


You were on level 2 of the Abyss.
You worshipped Lugonu.
Lugonu was aware of your devotion.
You were not hungry.

You visited 0 branches of the dungeon, and saw 0 of its levels.
You visited the Abyss 1 time.

Inventory:

Hand Weapons
 a - a +1 hand axe (weapon)
Armour
 b - a +0 leather armour
 e - a +0 ring mail (worn)
Scrolls
 d - a scroll of identify
Comestibles
 c - a ration


   Skills:
 + Level 3.0 Fighting
 + Level 1.7 Axes
 + Level 1.3 Armour
 + Level 0.6 Dodging
 + Level 2.0 Invocations


You couldn't memorise any spells.
You didn't know any spells.
Your spell library was empty.

Dungeon Overview and Level Annotations

Branches:
Dungeon (0/15)

Altars:


Innate Abilities, Weirdness & Mutations

You have hooves in place of feet.
Armour fits poorly on your strangely shaped body.
You cover ground very quickly.
You have extremely tough skin. (AC +3)


Message History

The thrashing horror roars!
The death drake hisses angrily.
The thrashing horror roars!
The death drake breathes miasma at you.
The foul vapour engulfs the thrashing horror.
The thrashing horror completely resists.
The thrashing horror tramples you.
You hold your ground!
The thrashing horror barely misses you.
Found 2 scrolls of identify.
You are engulfed in dark miasma.
You are lethally poisoned!
You feel yourself slow down.
You feel sick.
The thrashing horror roars!
The thrashing horror tramples you but does no damage.
The thrashing horror tramples you.
* * * LOW HITPOINT WARNING * * *
You hold your ground!
* * * LOW HITPOINT WARNING * * *
You feel sick.
Unknown command.
You die...

# ..#..§#.#.#
##. ##.##§.##.#
.?#. ###. ..#
#...
....##...#..
#.#.
#)∩#...##x#...##
#..°....##.#.#
##°##x##.#..##
#°°XX#..###..#
..k○☼#°#°#@.#
#.# .#.
#○#X##### .#
#.##. .# . ...
#. ..# #. #. . #


You could see a small abomination.

Vanquished Creatures (others)
  2 starspawn tentacles (Abyss:2)
2 creatures vanquished.

Notes
Turn   | Place    | Note
-------+----------+-------------------------------------------
     0 | Abyss:1  | Gargoyl the Centaur Abyssal Knight began the quest for the
                  | Orb.
     0 | Abyss:1  | Reached XP level 1. HP: 19/19 MP: 2/2
   112 | Abyss:2  | Noticed a cyan very ugly thing
   128 | Abyss:2  | Noticed a large abomination
   142 | Abyss:2  | Noticed a ynoxinul
   157 | Abyss:2  | Noticed a small abomination
   161 | Abyss:2  | Noticed a neqoxec
   161 | Abyss:2  | Noticed a tentacled starspawn
   175 | Abyss:2  | Noticed a thrashing horror
   176 | Abyss:2  | Noticed a thrashing horror
   176 | Abyss:2  | Noticed a death drake
   180 | Abyss:2  | Succumbed to something's dark miasma

Illustrated notes

Levels and vault maps discovered:
Abyss:2:  evilmike_abyss_exit_kraken

Action                   || total
-------------------------++-------
  Use: Scroll            ||     1
Armor: Ring mail         ||     1
Dodge: Dodged            ||     2

Table legend:
 A = Non-vault XP
 B = Vault XP
 C = Vault XP percentage of total XP
 D = Non-vault monster count
 E = Vault monster count
 F = Vault count percentage of total count
                 A         B        C        D         E       F
            +---------+---------+-------+---------+---------+-------
      Total |       0 |       0 |   N/A |       0 |       0 |  -nan
            +---------+---------+-------+---------+---------+-------
            +---------+---------+-------+---------+---------+-------
